 Dungeon Crawl Stone Soup version 0.23-a0-639-ga9a3373 (console) character file.

24 Duffy the Firebug (level 2, 0/19 HPs)
             Began as a Demonspawn Fire Elementalist on Dec 29, 2018.
             Slain by an adder (5 damage)
             ... on level 2 of the Dungeon.
             The game lasted 00:00:52 (900 turns).

Duffy the Firebug (Demonspawn Fire Elementalist)     Turns: 900, Time: 00:00:52

Health: 0/19       AC:  4    Str:  8    XL:     2   Next: 79%
Magic:  1/5        EV: 11    Int: 16    God:
Gold:   67         SH:  0    Dex: 13    Spells: 4/5 levels left

rFire    + . .     SeeInvis .   d - +2 dagger (drain)
rCold    . . .     Gourm    .   (no shield)
rNeg     . . .     Faith    .   j - +1 leather armour {rF+}
rPois    .         Spirit   .   (no helmet)
rElec    .         Reflect  .   (no cloak)
rCorr    .         Harm     .   (no gloves)
MR       .....                  (no boots)
Stlth    +.........             (no amulet)
HPRegen  0.06/turn              (no ring)
MPRegen  0.09/turn              (no ring)

@: very slightly contaminated
A: hooves 1
a: no special abilities


You were on level 2 of the Dungeon.
You were not hungry.

You visited 1 branch of the dungeon, and saw 2 of its levels.

You collected 67 gold pieces.

Inventory:

Hand Weapons
 d - a +2 dagger of draining (weapon)
Armour
 j - a +1 leather armour of fire resistance (worn)
Scrolls
 f - 2 scrolls of remove curse {unknown}
 g - a scroll of teleportation {unknown}
Potions
 e - 2 potions of resistance {unknown}
 h - a potion of might {unknown}
 i - a potion of curing {unknown}
Comestibles
 b - 5 chunks of flesh
 c - a ration


   Skills:
 - Level 1.7 Dodging
 - Level 1.7 Stealth
 + Level 2.4 Spellcasting
 + Level 1.7 Conjurations
 + Level 3.1 Fire Magic


You had 4 spell levels left.
You knew the following spells:

 Your Spells              Type           Power        Failure   Level  Hunger
h - Flame Tongue          Conj/Fire      #....        11%         1    #......

Your spell library contained the following spells:

 Spells                   Type           Power        Failure   Level  Hunger
 Throw Flame              Conj/Fire      #.....       16%         2    ###....
 Conjure Flame            Conj/Fire      #.......     32%         3    ###....
 Inner Flame              Hex/Fire       #.......     43%         3    ###....
 Sticky Flame             Conj/Fire      #.......     71%         4    #####..
 Fireball                 Conj/Fire      #.........   96%         5    ######.


Dungeon Overview and Level Annotations

Branches:
Dungeon (2/15)

Altars:


Innate Abilities, Weirdness & Mutations

You have large cloven feet.


Message History

You hit the adder. Your kick misses the adder.
The adder is lightly wounded.
The adder bites you but does no damage. The adder barely misses you.
You hit the adder but do no damage. Your kick misses the adder.
The adder is lightly wounded.
The adder bites you.
You hit the adder.
The adder is moderately wounded.
The adder misses you.
You closely miss the adder.
The adder is moderately wounded.
The adder bites you but does no damage. The adder misses you.
You miss the adder. Your kick misses the adder.
The adder is moderately wounded.
The adder bites you.
* * * LOW HITPOINT WARNING * * *
You hit the adder. You kick the adder, but do no damage.
The adder is heavily wounded.
The adder bites you.
You die...

## ..# #.#
#########.#
........#.#
........#.#
........#.####
.....gS......#
##+#@.)##<#
#...#######
#..?.......
#..########
......
##.#....
........
##........
#........


You could see an adder and a hobgoblin.

Vanquished Creatures
  2 dart slugs (D:1)
  2 goblins (D:1)
  3 hobgoblins (D:1)
  3 jackals (D:1)
  A kobold (D:1)
  5 bats (D:1)
  A frilled lizard (D:1)
  2 rats (D:1)
19 creatures vanquished.

Notes
Turn   | Place    | Note
-------+----------+-------------------------------------------
     0 | D:1      | Duffy the Demonspawn Fire Elementalist began the quest for
                  | the Orb.
     0 | D:1      | Reached XP level 1. HP: 13/13 MP: 3/3
   176 | D:1      | Gained mutation: You have large cloven feet. [demonic
                  | ancestry]
   176 | D:1      | Reached XP level 2. HP: 19/19 MP: 3/5
   350 | D:1      | Reached skill level 3 in Fire Magic
   900 | D:2      | Slain by an adder

Vault maps used:
D:1:      minmay_arrival_hallway

Skill      XL: |  1  2 |
---------------+-------+-----
Fire Magic     | 3 |  3.1
Dodging        | |  1.7
Stealth        | |  1.7
Spellcasting   | |  2.4
Conjurations   | |  1.7

Action                   || total
-------------------------++-------
Melee: Unarmed           ||     5
       Dagger            ||    39
       Kick              ||     6
 Cast: Flame Tongue      ||    14
Armor: Robe              ||    20
       Leather armour    ||     2
Dodge: Dodged            ||    47

Table legend:
 A = Non-vault XP
 B = Vault XP
 C = Vault XP percentage of total XP
 D = Non-vault monster count
 E = Vault monster count
 F = Vault count percentage of total count
                 A         B        C        D         E       F
            +---------+---------+-------+---------+---------+-------
      Total |      35 |       0 |   0.0 |      19 |       0 |   0.0
            +---------+---------+-------+---------+---------+-------
        D:1 |      35 |       0 |   0.0 |      19 |       0 |   0.0
            +---------+---------+-------+---------+---------+-------
